 Dungeon Crawl Stone Soup version 0.31-a0-1308-ga3cce3a (webtiles) character file.

Game seed: 4014113023684829217

794 wokwok the Chopper (level 7, -9/6 HPs)
             Began as a Minotaur Gladiator on Dec 8, 2023.
             Mangled by an iguana (12 damage)
             ... on level 5 of the Dungeon on Dec 19, 2023.
             The game lasted 00:14:59 (3710 turns).

wokwok the Chopper (Minotaur Gladiator)             Turns: 3710, Time: 00:14:59

Health: -9/6       AC:  5    Str: 21    XL:     7   Next: 58%
Magic:  6/6        EV:  7    Int:  5    God:
Gold:   204        SH:  0    Dex: 11    Spells: 6/6 levels left

rFire   x . .        j - melded +1 falchion (protect)
rCold   + . .        (shield currently unavailable)
rNeg    . . .        l - +0 plate armour
rPois   .            c - +0 hat
rElec   .            (no cloak)
rCorr   .            (gloves currently unavailable)
SInv    .            h - +0 pair of boots
Will    +....        (no amulet) Stlth
                     g - ring of ice
HPRegen 0.21/turn    (no ring)
MPRegen 0.10/turn

%: clarity
@: blade hands, marked
A: reduced hp, horns 2, retaliatory headbutt, iridescent scales 1, clarity,
strong-willed 1
a: Begin Untransformation


You were on level 5 of the Dungeon.
You had blades for hands.
You visited 1 branch of the dungeon, and saw 5 of its levels.

You collected 204 gold pieces.

Inventory:

Hand Weapons
 a - a +0 war axe
 j - a +1 falchion of protection (melded)
 q - a +2 dagger of speed
 s - a +1 mace of holy wrath
Missiles
 d - 2 throwing nets (quivered)
 e - a javelin
Armour
 b - a +0 leather armour
 c - a +0 hat (worn)
 h - a +0 pair of boots (worn)
 l - a +0 plate armour (worn)
 m - a +3 leather armour of cold resistance
Jewellery
 g - a ring of ice (left blade hand)
Talismans
 r - a blade talisman (active)
Scrolls
 f - a scroll of teleportation {unknown}
 i - 3 scrolls of identify {unknown}
 k - a scroll of immolation {unknown}
 n - a scroll of vulnerability {unknown}
 o - a scroll of fog {unknown}
 p - a scroll of torment {unknown}
 t - 4 scrolls of fear {unknown}


   Skills:
 + Level 4.5 Fighting
 + Level 1.3 Long Blades
 + Level 7.7 Axes
 + Level 2.9 Throwing
 + Level 4.7 Armour
 + Level 3.9 Dodging
 + Level 0.3 Stealth


You had 6 spell levels left.
You didn't know any spells.
Your spell library contained the following spells:

 Spells                   Type           Power      Damage    Failure   Level
 Ensorcelled Hibernation  Hex/Ice        0%         N/A       100%        2
 Jinxbite                 Hex            0%         N/A       100%        2
 Anguish                  Hex/Necr       0%         N/A       100%        4


Dungeon Overview and Level Annotations

Branches:
Dungeon (5/15)
 Temple: D:4-7

Altars:
Gozag
Nemelex Xobeh
Sif Muna
Xom


Innate Abilities, Weirdness & Mutations

You have blades for hands.
Your maximum health is decreased, since you lack skill for your form.
You are incapable of wielding weapons or throwing items.
You have a pair of horns on your head.
You reflexively headbutt those who attack you in melee.
You are partially covered in iridescent scales. (AC +2)
You possess an exceptional clarity of mind.
You are strong-willed. (Will+)


Message History

No target in view!
No target in view!
No target in view!
No target in view!
No target in view!
You see here a blade talisman.
r - a blade talisman You begin transforming.
You continue transforming. x3
Your hands turn into razor-sharp scythe blades.
Your +1 falchion of protection melds into your body.
Your +1 falchion of protection goes still.
Things that are here:
a +0 giant spiked club; an ogre corpse
Okay, then.
Okay, then.
Partly explored, can't reach some places.
Partly explored, can't reach some places.
Partly explored, can't reach some places.
You set off the alarm!
The alarm trap emits a blaring wail!
A sentinel's mark forms upon you.
You hear a bark!
You hear an angry hiss. x3
Found a leather armour.
Found a stone staircase leading down.
No target in view!
No target in view!
Found 4 poisoned darts.
An iguana comes into view.
Found a scroll labelled SIBESCH IFAS.
Found an escape hatch in the ceiling.
The iguana bites you.
Ouch! That really hurt!
You are too injured to fight recklessly!
You are too injured to fight recklessly!
You are too injured to fight recklessly!
You are too injured to fight recklessly!
You are too injured to fight recklessly!
You are too injured to fight recklessly!
You hit the iguana but do no damage. The iguana bites you!
Ouch! That really hurt!
You die...

#########.#
####.......#.#
#....#####.#.#
#####....#
#.#.###
#........#
#.#...#
#........#
#.###)###
#...[....#
#........
#.....##.#
####.....
#.>..@...#
#.....
#....l####
#..... #(.....
######
##.#....
#.#?....
#........
.......#
#<.######


You could see an iguana.

Vanquished Creatures
  Eustachio (D:4)
  Duvessa (D:4)
  An ogre (D:5)
  2 scorpions
  Dowan (D:4)
  A jelly (D:4)
  A sleepcap (D:5)
  Natasha (twice) (D:2)
  6 adders
  7 gnolls
  A shadow imp (D:4)
  2 dart slugs
  4 orcs (D:3)
  9 ball pythons
  3 bats
  5 endoplasms
  6 giant cockroaches
  4 goblins
  4 hobgoblins
  3 jackals (D:3)
  4 kobolds (D:2)
  3 quokkas
  2 frilled lizards
  4 rats
77 creatures vanquished.

Notes
Turn   | Place    | Note
-------+----------+-------------------------------------------
     0 | D:1      | wokwok the Minotaur Gladiator began the quest for the Orb.
     0 | D:1      | Reached XP level 1. HP: 18/18 MP: 0/0
    48 | D:1      | Upgraded the game from 0.31-a0-1161-g593ecc8 to
                  | 0.31-a0-1237-gabc64e7
    48 | D:1      | Upgraded the game from 0.31-a0-1237-gabc64e7 to
                  | 0.31-a0-1308-ga3cce3a
   446 | D:1      | Reached XP level 2. HP: 25/25 MP: 1/1
   489 | D:1      | Reached skill level 4 in Axes
   936 | D:2      | Reached XP level 3. HP: 14/30 MP: 2/2
  1164 | D:2      | Found a faded altar of an unknown god.
  1475 | D:2      | Noticed Natasha
  1487 | D:2      | Killed Natasha
  1488 | D:2      | Reached skill level 5 in Axes
  1488 | D:2      | Reached skill level 1 in Armour
  1488 | D:2      | Reached XP level 4. HP: 27/38 MP: 3/3
  1641 | D:2      | Noticed Natasha
  1657 | D:2      | Killed Natasha
  1939 | D:3      | Reached XP level 5. HP: 44/45 MP: 4/4
  2045 | D:3      | Found a shimmering blue altar of Sif Muna.
  2047 | D:3      | Found an opulent altar of Gozag.
  2048 | D:3      | Found a shimmering altar of Xom.
  2403 | D:3      | Reached skill level 6 in Axes
  2651 | D:3      | Found a sparkling altar of Nemelex Xobeh.
  2806 | D:4      | Reached XP level 6. HP: 38/51 MP: 5/5
  2913 | D:4      | Noticed Eustachio
  2984 | D:4      | Gained mutation: You possess an exceptional clarity of
                  | mind. [potion of mutation]
  2984 | D:4      | Gained mutation: You are strong-willed. (Will+) [potion of
                  | mutation]
  2984 | D:4      | Gained mutation: You are partially covered in iridescent
                  | scales. (AC +2) [potion of mutation]
  3026 | D:4      | Killed Eustachio
  3256 | D:4      | Noticed Dowan
  3256 | D:4      | Noticed Duvessa
  3273 | D:4      | Killed Duvessa
  3274 | D:4      | Reached skill level 7 in Axes
  3274 | D:4      | Reached XP level 7. HP: 44/59 MP: 6/6
  3274 | D:4      | Killed Dowan
  3507 | D:5      | Entered Level 5 of the Dungeon
  3554 | D:5      | Reached skill level 1 in Long Blades
  3710 | D:5      | Mangled by an iguana

Illustrated notes

Levels and vault maps discovered:
D:1:      lightli_arrival_statue_moat, layout_loops_cross,
          minmay_splitting_lines, minmay_misc_feat_cross
D:2:      layout_basic, ebering_ecumenical_altar_box, uniq_natasha
D:3:      layout_basic, grunt_temple_overflow_open, general_overflow_altar
D:4:      layout_rooms, uniq_duvessa, uniq_eustachio
D:5:      layout_basic, minmay_misc_feat_diagonals

Skill      XL: |  1  2  3  4  5  6  7 |
---------------+----------------------+-----
Axes           | 4 5 6 7 |  7.7
Fighting       | 3 4 |  4.5
Armour         | 1 2 3 4 |  4.7
Long Blades    | 1 |  1.3
Throwing       | |  2.9
Dodging        | |  3.9
Stealth        | |  0.3

Action                     |  1- 3 |  4- 6 |  7- 9 || total
---------------------------+-------+-------+-------++-------
  Melee: War axe           |    65 |   131 |       ||   196
         Headbutt          |     7 |    18 |     7 ||    32
         Punch             |     1 |     2 |     3 ||     6
         Falchion          |       |    15 |    43 ||    58
         Unarmed           |       |       |     1 ||     1
  Throw: Throwing net      |       |     2 |       ||     2
    Use: Potion            |       |     6 |     1 ||     7
 Armour: Leather armour    |    22 |       |       ||    22
         Plate armour      |    22 |   193 |    42 ||   257
         Skin              |       |     2 |       ||     2
  Dodge: Dodged            |    37 |    59 |    15 ||   111
   Form: Blade             |       |       |     1 ||     1

Table legend: (Time is in decaauts)
 A = Elapsed time spent in this place.
 B = Non-inter-level travel time spent in this place.
 C = Inter-level travel time spent in this place.
 D = Time resting spent in this place.
 E = Time spent auto-exploring this place.
 F = Levels seen in this place.
 G = Mean time per level.
                   A        B        C        D        E       F      G
               +--------+--------+--------+--------+--------+-----+--------+
         Total |   3758 |   3623 |    135 |      0 |   2970 |   5 |  751.6 |
       Dungeon |   3758 |   3623 |    135 |      0 |   2970 |   5 |  751.6 |
               +--------+--------+--------+--------+--------+-----+--------+

Top non-repeatable levels by time:
     D:2: 1260 daAuts
     D:3: 804 daAuts
     D:4: 792 daAuts
     D:1: 695 daAuts
     D:5: 206 daAuts
